cohdb
Replays
Latest Replays
All Replays
Popular Replays
Top Player Replays
Match Explorer
How It Works
Community
CoH3 Stats
Reddit
Sign in to upload your games and track your stats! →
Sign in with Steam
Match 45639012
Unlisted
Match 45639012
Overview
Messages
Build Orders
End
Vickers Machine Gun Team
Selects Australian Defense Battlegroup
Selects Australian Light Infantry Section
Australian Light Infantry Section
Australian Light Infantry Section
Construct Field Infirmary
Selects 2-pounder Anti-tank Gun Team
Australian Light Infantry Section
Construct Section Command Post
ML 3-inch Mortar Team
Construct Platoon Command Post
6-pounder Anti-tank Gun Team
2-pounder Anti-tank Gun Team
SIERRA_116
Surveillance-Buoy 2
カルト_くん
Gumshoe.Cambro
0
0
Comments
sign in to comment!
No comments posted yet!